 Dungeon Crawl Stone Soup version 0.28.0 (webtiles) character file.

Game seed: 8276123086847579302

219 Akaron the Sneak (level 5, -5/32 HPs)
             Began as an Octopode Fire Elementalist on Feb 13, 2022.
             Slain by a wyvern zombie (14 damage)
             ... on level 4 of the Dungeon.
             The game lasted 00:05:53 (3365 turns).

Akaron the Sneak (Octopode Fire Elementalist)       Turns: 3365, Time: 00:05:54

Health: -5/32      AC:  1    Str:  7    XL:     5   Next: 96%
Magic:  1/9        EV: 13    Int: 24    God:
Gold:   162        SH:  0    Dex: 12    Spells: 3/10 levels left

rFire   . . .      SeeInvis .   i - +4 dagger "Imp's Funeral" {elec, rElec Int+4}
rCold   . . .      Faith    .   (no shield)
rNeg    . . .      Spirit   .   (helmet restricted)
rPois   .          Reflect  .   (no amulet)
rElec   +          Harm     .   (no ring)
rCorr   .          Rampage  .   (no ring)
Will    .....                   (no ring)
Stlth   +++.......              (no ring)
HPRegen 0.10/turn               (no ring)
MPRegen 0.11/turn               (no ring)
                                (no ring)
                                (no ring)

@: no status effects
A: almost no armour, amphibious, 8 rings, camouflage 1, gelatinous body 1,
(nimble swimmer 1), tentacles
a: no special abilities


You were on level 4 of the Dungeon.
You visited 1 branch of the dungeon, and saw 4 of its levels.

You collected 162 gold pieces.

Inventory:

Hand Weapons
 i - the +4 dagger "Imp's Funeral" (weapon) {elec, rElec Int+4}
   (You found it on level 2 of the Dungeon)

   It occasionally discharges a powerful burst of electricity upon striking a
   foe.
   Int:       It affects your intelligence (+4).
   rElec:     It insulates you from electricity.
Scrolls
 a - a scroll of holy word {unknown}
 b - 6 scrolls of identify
 d - a scroll of noise {unknown}
 f - a scroll of torment {unknown}
 g - a scroll of enchant weapon {unknown}
 l - a scroll of amnesia {unknown}
Potions
 c - a potion of mutation {unknown}
 e - a potion of invisibility {unknown}
 h - a potion of degeneration {unknown}
 j - 3 potions of cancellation
 k - 2 potions of heal wounds {unknown}
 m - a potion of might {unknown}


   Skills:
 + Level 0.8 Fighting
 + Level 0.3 Short Blades
 + Level 2.6 Dodging
 + Level 4.0 Stealth
 + Level 0.7 Unarmed Combat
 + Level 3.0 Spellcasting
 + Level 2.7 Conjurations
 + Level 4.0 Fire Magic


You had 3 spell levels left.
You knew the following spells:

 Your Spells              Type           Power      Damage    Failure   Level
a - Foxfire               Conj/Fire      76%        2x1d7     2%          1
b - Scorch                Fire           44%        2d7       3%          2
c - Flame Wave            Conj/Fire      19%        2d6       26%         4

Your spell library contained the following spells:

 Spells                   Type           Power      Damage    Failure   Level
 Conjure Flame            Conj/Fire      19%        6-21      9%          3
 Sting                    Tmut/Pois      12%        1d3       11%         1
 Inner Flame              Hex/Fire       13%        N/A       14%         3


Dungeon Overview and Level Annotations

Branches:
Dungeon (4/15)
 Temple: D:4-7

Altars:
Elyvilon
Gozag
Makhleb
Zin

Shops:
D:3 ?[

Annotations:
D:2 1 runed translucent door, Crazy Yiuf, Natasha


Innate Abilities, Weirdness & Mutations

You cannot wear most types of armour.
You are amphibious.
You can wear up to eight rings at the same time.
Your skin changes colour to match your surroundings (Stealth+).
Your rubbery body absorbs attacks. (AC +1, EV +1)
((You are camouflaged when in or above water. (Stealth+)))
You have tentacles for arms and can constrict up to eight enemies at once.


Message History

You conjure some foxfire!
You conjure some foxfire!
The goblin shouts!
The foxfire hits the phantom but does no damage.
The phantom is moderately damaged.
The foxfire hits the phantom.
The phantom is heavily damaged.
The wyvern zombie barely misses you. The phantom closely misses you.
You conjure some foxfire!
The foxfire hits the phantom.
The phantom is heavily damaged.
The foxfire hits the phantom.
The phantom is severely damaged.
The wyvern zombie bites you! The phantom hits you.
The phantom blinks!
You blink.
You are too injured to fight recklessly!
Casting: Foxfire (safe; 2% risk of failure)
Confirm with . or Enter, or press ? or * to list all spells.
You conjure some foxfire!
The foxfire hits the wyvern zombie.
The wyvern zombie is moderately damaged.
The foxfire hits the wyvern zombie.
The wyvern zombie is moderately damaged.
The phantom hits you.
The foxfire hits the phantom.
The phantom is severely damaged.
The foxfire hits the phantom.
The phantom is almost destroyed.
You closely miss the phantom.
Your tentacle-slap misses the phantom.
The phantom is almost destroyed.
The wyvern zombie bites you.
You hit the phantom.
You tentacle-slap the phantom, but do no damage.
The phantom is almost destroyed.
The phantom hits you. The wyvern zombie closely misses you.
Your magical contamination has completely faded away.
You closely miss the phantom.
The phantom is almost destroyed.
The wyvern zombie closely misses you. The phantom hits you.
* * * LOW HITPOINT WARNING * * *
The wyvern zombie bites you!
You die...

............
#...........
#..........
#(...$.....
#......#
####....g.####..
.................
..###<.Z...####.
#.W.@..#
#...............
♣..##......####.
..♣ #........# ≈
###..#...#
..###..# ...#
#... ...# ..#


You could see a phantom, a wyvern zombie and a goblin.

Vanquished Creatures
  Jessica (D:2)
  Natasha (twice) (D:2)
  Robin (D:2)
  5 adders
  A dart slug (D:1)
  An orc (D:3)
  2 endoplasms (D:2)
  7 giant cockroaches
  14 goblins
  10 hobgoblins
  5 jackals
  6 kobolds
  4 quokkas
  6 ball pythons
  5 bats
  3 frilled lizards
  7 rats
80 creatures vanquished.

Vanquished Creatures (collateral kills)
  A foxfire (D:1)
1 creature vanquished.

Vanquished Creatures (others)
  166 foxfires
166 creatures vanquished.

Grand Total: 247 creatures vanquished

Notes
Turn   | Place    | Note
-------+----------+-------------------------------------------
     0 | D:1      | Akaron the Octopode Fire Elementalist began the quest for
                  | the Orb.
     0 | D:1      | Reached XP level 1. HP: 11/11 MP: 3/3
   230 | D:1      | Reached XP level 2. HP: 17/17 MP: 1/5
   526 | D:1      | Found a faded altar of an unknown god.
   531 | D:1      | Got Plato's Incunabulum of Toxins
   535 | D:1      | Learned a level 2 spell: Scorch
   598 | D:1      | Reached XP level 3. HP: 12/21 MP: 1/6
  1282 | D:2      | Identified the +4 dagger "Imp's Funeral" {elec, rElec
                  | Int+4}
  1519 | D:2      | Noticed Natasha
  1528 | D:2      | Killed Natasha
  1529 | D:2      | Reached XP level 4. HP: 18/27 MP: 0/8
  1568 | D:2      | Noticed Natasha
  1572 | D:2      | Killed Natasha
  1628 | D:2      | Noticed Robin
  1641 | D:2      | Reached XP level 5. HP: 31/32 MP: 1/9
  1649 | D:2      | Killed Robin
  1807 | D:2      | Found an opulent altar of Gozag.
  2091 | D:2      | Found a runed translucent door.
  2091 | D:2      | Noticed Natasha
  2092 | D:2      | Noticed Crazy Yiuf
  2119 | D:2      | Noticed Jessica
  2122 | D:2      | Killed Jessica
  2344 | D:2      | Learned a level 4 spell: Flame Wave
  2568 | D:3      | Found a burning altar of Makhleb.
  2573 | D:3      | Found a glowing silver altar of Zin.
  2573 | D:3      | Noticed an angel
  2574 | D:3      | Noticed a green death
  2889 | D:3      | Found Heahor's Antique Armour Shop.
  3211 | D:3      | Found Gank's Magic Scroll Shop.
  3292 | D:3      | Found a white marble altar of Elyvilon.
  3351 | D:4      | Noticed a phantom
  3365 | D:4      | Slain by a wyvern zombie

Illustrated notes

Levels and vault maps discovered:
D:1:      lemuel_arrival_muddy, layout_rooms,
          shapermc_ecumenical_altar_rom_forum
D:2:      layout_loops_cross, basic_altar, amethyst_killhole,
          minmay_misc_feat_hallway, uniq_crazy_yiuf_cottage, uniq_jessica,
          uniq_robin, uniq_natasha
D:3:      layout_loops_corners, grunt_temple_overflow_order_and_chaos_2,
          general_overflow_altar, serial_shops, shop, nicolae_diamond_shop
D:4:      layout_rooms, mainiacjoe_overflow_paths, mainiacjoe_overflow_swirl,
          uniq_pikel, uniq_ijyb

Skill      XL: |  1  2  3  4  5 |
---------------+----------------+-----
Stealth        | 3 4 |  4.0
Conjurations   | 2 |  2.7
Spellcasting   | 3 |  3.0
Fire Magic     | 4 |  4.0
Fighting       | |  0.8
Short Blades   | |  0.3
Dodging        | |  2.6
Unarmed Combat | |  0.7

Action                   |  1- 3 |  4- 6 || total
-------------------------+-------+-------++-------
Melee: Unarmed           |    41 |       ||    41
       Constrict         |    14 |    12 ||    26
       Tentacles         |     9 |     8 ||    17
       Punch             |     4 |     1 ||     5
       Dagger            |    11 |    46 ||    57
 Cast: Foxfire           |    65 |    40 ||   105
  Use: Scroll            |       |     1 ||     1
 Stab: Sleeping          |       |    11 ||    11
Armor: Skin              |    10 |       ||    10
Dodge: Dodged            |    64 |    21 ||    85
